 Dungeon Crawl Stone Soup version 0.26.1-11-gd32895ea62 (webtiles) character file.

Game seed: 2961229297799228099

111 Zeld the Sneak (level 4, 0/29 HPs)
             Began as an Octopode Brigand on May 23, 2021.
             Slain by Robin
             ... wielding a +1 dagger of electrocution
              (9 damage)
             ... on level 1 of the Dungeon.
             The game lasted 00:01:31 (2049 turns).

Zeld the Sneak (Octopode Brigand)                   Turns: 2049, Time: 00:01:32

Health: 0/29       AC:  1    Str: 11    XL:     4   Next: 92%
Magic:  4/4        EV: 13    Int: 13    God:
Gold:   85         SH:  0    Dex: 13    Spells: 3/3 levels left

rFire    . . .     SeeInvis .   a - +2 dagger
rCold    . . .     Faith    .   (no shield)
rNeg     . . .     Spirit   .   (helmet restricted)
rPois    .         Reflect  .   (no amulet)
rElec    .         Harm     .   (no ring)
rCorr    .         Rampage  .   (no ring)
Will     .....                  (no ring)
Stlth    ++++......             (no ring)
HPRegen  0.09/turn              (no ring)
MPRegen  0.09/turn              (no ring)
                                (no ring)
                                (no ring)

@: no status effects
A: almost no armour, stealthy swim, amphibious, 8 rings, constrict 8, camouflage
1, gelatinous body 1
a: no special abilities


You were on level 1 of the Dungeon.
You visited 1 branch of the dungeon, and saw 2 of its levels.

You collected 85 gold pieces.

Inventory:

Hand Weapons
 a - a +2 dagger (weapon)
Missiles
 b - 8 poisoned darts (quivered)
 c - 4 curare-tipped darts
Jewellery
 g - an uncursed ring of resist corrosion {unknown}
Scrolls
 d - 4 scrolls of remove curse {unknown}
 e - a scroll of immolation {unknown}
 h - a scroll of amnesia {unknown}
 i - 3 scrolls of identify {unknown}
 j - 2 scrolls of magic mapping {unknown}
 k - a scroll of teleportation {unknown}
 o - 2 scrolls of enchant armour {unknown}
Potions
 f - a potion of might {unknown}
 l - a potion of brilliance {unknown}
 m - a potion of heal wounds {unknown}
 n - a potion of curing {unknown}


   Skills:
 - Level 2.0 Fighting
 * Level 3.7 Short Blades
 * Level 3.7 Throwing
 - Level 1.0 Dodging
 - Level 5.3 Stealth


You had 3 spell levels left.
You didn't know any spells.
Your spell library was empty.

Dungeon Overview and Level Annotations

Branches:
Dungeon (2/15)

Altars:

Annotations:
D:1 Robin


Innate Abilities, Weirdness & Mutations

You cannot wear most types of armour.
You are very stealthy in the water. (Stealth+)
You are amphibious.
You can wear up to eight rings at the same time.
You can use your tentacles to constrict eight enemies at once.
Your skin changes colour to match your surroundings (Stealth+).
Your rubbery body absorbs attacks. (AC +1, EV +1)


Message History

The goblin hits you with a +0 club.
You hit the goblin.
You kill the goblin!
You hit Robin. You grab Robin.
Robin is lightly wounded.
You constrict Robin, but do no damage. Robin barely misses you.
Press: ? - help, v - describe, . - travel, g - get item
Here: Robin, wielding a +1 dagger of electrocution, wearing a +2 animal skin and wearing a +0 helmet (lightly wounded, constricted by you)
Items here: a +0 club; a goblin corpse.
The floor.
You hit Robin but do no damage.
Robin is lightly wounded.
You constrict Robin, but do no damage. Robin closely misses you.
You hit Robin. You squeeze Robin.
Robin is moderately wounded.
You constrict Robin.
Robin's horned helmet rattles.
Robin hits you with a +1 dagger of electrocution.
You are electrocuted!
You die...

##..###)#
#.......#####.......#
###...##
#..................##
##.##
#.......#######...##
#.# ####.#### ##+##
#.# #.###########.#
#.# #.##.......##.#
#.#
#.##.#####.##.####
#.# #g##.# #.#......
#.#
#@##.#####......##
#######.#
#..............##
........#
####.#####.##.##
#########
#.#####.####
#.......# #########


You could see Robin.

Vanquished Creatures
  A scorpion (D:2)
  2 adders (D:2)
  An ooze (D:2)
  A leopard gecko (D:2)
  3 bats (D:2)
  3 bat skeletons (D:2)
  2 bat zombies (D:2)
  7 goblins
  4 hobgoblins
  4 kobolds
  2 frilled lizards
  7 rats
37 creatures vanquished.

Notes
Turn   | Place    | Note
-------+----------+-------------------------------------------
     0 | D:1      | Zeld the Octopode Brigand began the quest for the Orb.
     0 | D:1      | Reached XP level 1. HP: 14/14 MP: 1/1
    19 | D:1      | You fall into a shaft and drop 1 floor!
   140 | D:2      | Reached XP level 2. HP: 19/19 MP: 2/2
   205 | D:2      | Reached XP level 3. HP: 24/24 MP: 3/3
  1239 | D:2      | Noticed a scorpion
  1246 | D:2      | Killed a scorpion
  1247 | D:2      | Reached XP level 4. HP: 29/29 MP: 4/4
  1550 | D:2      | Noticed Robin
  2049 | D:1      | Slain by Robin

Illustrated notes

Levels and vault maps discovered:
D:1:      dpeg_arrival_leaves_temple_mockup, layout_loops_corners
D:2:      layout_loops_ring, kennysheep_vampire_church, uniq_robin

Skill      XL: |  1  2  3 |
---------------+----------+-----
Throwing       | 3 |  3.7
Short Blades   | 3 |  3.7
Fighting       | |  2.0
Dodging        | |  1.0
Stealth        | |  5.3

Action                   |  1- 3 |  4- 6 || total
-------------------------+-------+-------++-------
Melee: Dagger            |    34 |    38 ||    72
       Constrict         |     3 |    10 ||    13
       Tentacles         |     3 |     4 ||     7
 Stab: Sleeping          |     9 |     6 ||    15
Armor: Skin              |       |    21 ||    21
Dodge: Dodged            |    16 |    71 ||    87
